 Dungeon Crawl Stone Soup version 0.26-a0-597-gb535b0901c (webtiles) character file.

Game seed: 9577005109287574453

6371 Lanoc the Fighter (level 10, -7/88 HPs)
             Began as a Demonspawn Gladiator on Aug 28, 2020.
             Was an Initiate of Gozag.
             Killed by divine providence
             ... invoked by an orc priest
              (17 damage)
             ... on level 12 of the Dungeon.
             The game lasted 00:14:36 (10028 turns).

Lanoc the Fighter (Demonspawn Gladiator)           Turns: 10028, Time: 00:14:37

Health: -7/88      AC: 11    Str: 14    XL:     10   Next: 65%
Magic:  10/10      EV: 24    Int: 10    God:    Gozag
Gold:   1205       SH:  0    Dex: 18    Spells: 9/9 levels left

rFire    . . .     SeeInvis .   c - +5 battleaxe (freeze)
rCold    . . .     Faith    +   (shield currently unavailable)
rNeg     . . .     Spirit   .   b - +0 leather armour
rPois    .         Reflect  .   y - +2 hat
rElec    .         Harm     .   (no cloak)
rCorr    .                      (no gloves)
MR       .....                  (boots unavailable)
Stlth    +.........             E - amulet of faith
HPRegen  0.24/turn              l - +4 ring of evasion
MPRegen  0.12/turn              n - ring of flight

@: gold aura, sanguine armour, lightly drained
A: hooves 3, powered by pain 1, sanguine armour 1
a: Potion Petition, Call Merchant, Bribe Branch, Renounce Religion, Evoke Flight


You were on level 12 of the Dungeon.
You worshipped Gozag.
Gozag was most pleased with you.
You visited 2 branches of the dungeon, and saw 13 of its levels.
You also visited: Sewer.

You collected 1381 gold pieces.
You paid 176 gold pieces to Gozag.

Inventory:

Hand Weapons
 c - a +5 battleaxe of freezing (weapon)
Missiles
 d - a throwing net (quivered)
 x - 4 curare-tipped darts
Armour
 b - a +0 leather armour (worn)
 y - a +2 hat (worn)
Jewellery
 l - a +4 ring of evasion (left hand)
 n - a ring of flight (right hand)
 E - an amulet of faith (around neck)
Wands
 z - a wand of digging (3)
 C - a wand of polymorph (7)
Scrolls
 a - 5 scrolls of remove curse
 e - 4 scrolls of teleportation
 h - a scroll of noise {unknown}
 i - 2 scrolls of enchant armour
 j - a scroll of fog
 k - 3 scrolls of fear
 s - a scroll of brand weapon {unknown}
 w - a scroll of enchant weapon
 B - 2 scrolls of blinking {unknown}
 D - 4 scrolls of immolation {unknown}
Potions
 f - 6 potions of curing {unknown}
 g - a potion of cancellation {unknown}
 m - 2 potions of mutation {unknown}
 o - 3 potions of might {unknown}
 p - 2 potions of flight
 q - 2 potions of heal wounds
 r - 2 potions of magic
 t - 3 potions of haste
 u - a potion of lignification
 v - a potion of ambrosia
 A - a potion of resistance


   Skills:
 + Level 11.5(11.3) Fighting
   Level 2.6(2.5) Staves
 - Level 1.7(1.6) Throwing
 + Level 10.8(10.6) Dodging


You had 9 spell levels left.
You didn't know any spells.
Your spell library contained the following spells:

 Spells                   Type           Power        Failure   Level
 Sting                    Tmut/Pois      #...         43%         1
 Poisonous Vapours        Pois/Air       #.....       58%         2
 Ignite Poison            Fire/Tmut/Pois #.......     82%         3
 Mephitic Cloud           Conj/Pois/Air  #.......     82%         3
 Olgreb's Toxic Radiance  Pois           #.......     99%         4


Dungeon Overview and Level Annotations

Branches:
Dungeon (12/15)            Temple (1/1) D:4            Lair (0/6) D:9
    Orc (0/2) D:11          Sewer (visited)

Altars:
Ashenzari
Cheibriados
Dithmenos
Elyvilon
Fedhas
Gozag
Hepliaklqana
Kikubaaqudgha
Makhleb
Nemelex Xobeh
Okawaru
Qazlal
Ru
Sif Muna
Trog
Uskayaw
Vehumet
Xom
The Shining One

Shops:
D:5 [

Annotations:
D:7 3 runed translucent doors, sanderoThegreat's ghost, novice MiFi


Innate Abilities, Weirdness & Mutations

You have hooves in place of feet.
You sometimes gain a little power by taking damage.
When seriously injured, your bleeding wounds create armour. (AC +6)


Message History

You hit the deep elf mage. You freeze the deep elf mage.
You kill the deep elf mage!
You hit the orc wizard. You freeze the orc wizard.
The orc wizard is no longer distracted by gold.
You closely miss the orc priest.
The orc priest is no longer distracted by gold.
The orc wizard gestures at you while chanting.
The puff of flame hits you!
* * * LOW HITPOINT WARNING * * *
The orc wizard completely misses you. The orc priest completely misses you.
The orc wizard misses you.
The orc priest hits you but does no damage.
You completely miss the orc priest. Your kick misses the orc priest.
The orc priest is almost dead.
You slash the orc wizard! You freeze the orc wizard.
You kill the orc wizard!
The orc priest invokes the aid of Beogh against you.
Beogh smites you!
You die...
Your body crumbles into a pile of gold.

#. ##... .. #.##
#..... ..
#.<##....##
###.####.........
.......)))...###
####..........#
#.....>..#..#
##.##(#.## ...
#.$@$#... ..
......o$$###.(.
.....##.... .#..
####. .....# . .
.#....# #
....#... .#
....### .# ..####


You could see an orc priest.

Vanquished Creatures
  An unseen horror (D:10)
  A deep elf mage (D:12)
  A manticore (D:11)
  A cyclops (D:11)
  2 hippogriffs (D:10)
  A yak (D:8)
  A wraith (D:9)
  4 wyverns
  Menkaure (D:7)
  A water moccasin (D:8)
  An orc warrior (D:4)
  A sky beast (D:6)
  2 phantoms (D:8)
  2 eyes of draining (D:3)
  An ice beast (D:6)
  4 centaurs
  An ogre (D:5)
  A crocodile (D:8)
  3 big kobolds
  4 bullfrogs
  A scorpion (D:6)
  7 wights
  A howler monkey (D:6)
  A crimson imp (D:3)
  2 centaur zombies
  2 bullfrog zombies
  4 hounds
  3 jellies
  An orc priest (D:6)
  A bullfrog skeleton (D:5)
  4 iguanas
  2 centaur skeletons
  8 orc wizards
  7 worker ants
  3 howler monkey zombies
  A gnoll (D:3)
  18 adders
  2 white imps
  An ufetubus (D:6)
  2 adder zombies
  2 adder skeletons
  A worm (D:4)
  A dart slug (D:4)
  2 leopard geckos
  18 orcs
  A bat (D:3)
  5 giant cockroaches
  2 goblins (D:3)
  22 jackals
  16 kobolds
  5 quokkas
  5 ball pythons
  6 frilled lizards
  A jackal skeleton (D:4)
  2 rats
194 creatures vanquished.

Vanquished Creatures (others)
  5 plants (Sewer)
5 creatures vanquished.

Grand Total: 199 creatures vanquished

Notes
Turn   | Place    | Note
-------+----------+-------------------------------------------
     0 | D:1      | Lanoc the Demonspawn Gladiator began the quest for the Orb.
     0 | D:1      | Reached XP level 1. HP: 16/16 MP: 1/1
   221 | D:3      | Gained mutation: You have large cloven feet. [demonic
                  | ancestry]
   221 | D:3      | Reached XP level 2. HP: 17/23 MP: 2/2
   391 | D:3      | Found a shimmering altar of Xom.
   391 | D:3      | Found a burning altar of Makhleb.
   391 | D:3      | Noticed a crimson imp
   404 | D:3      | Killed a crimson imp
   404 | D:3      | Reached skill level 3 in Fighting
   404 | D:3      | Reached XP level 3. HP: 26/29 MP: 3/3
   842 | D:3      | Noticed an eye of draining
   843 | D:3      | Found a bloodstained altar of Trog.
   844 | D:3      | Noticed an eye of draining
  1181 | D:3      | Killed an eye of draining
  1181 | D:3      | Reached skill level 4 in Fighting
  1181 | D:3      | Gained mutation: You sometimes gain a little power by
                  | taking damage. [demonic ancestry]
  1181 | D:3      | Reached XP level 4. HP: 37/37 MP: 0/4
  1181 | D:3      | Reached XP level 5. HP: 42/42 MP: 0/5
  1202 | D:3      | Killed an eye of draining
  1371 | D:4      | Reached XP level 6. HP: 49/49 MP: 6/6
  1452 | D:4      | Found a shimmering blue altar of Sif Muna.
  1465 | D:4      | Noticed an orc warrior
  1486 | D:4      | Killed an orc warrior
  1486 | D:4      | Reached skill level 5 in Fighting
  1486 | D:4      | Reached skill level 5 in Dodging
  1487 | D:4      | HP: 2/51 [orc/+0 whip (1)]
  1652 | D:4      | Found a staircase to the Ecumenical Temple.
  1668 | Temple   | Entered the Ecumenical Temple
  2280 | D:5      | Entered Level 5 of the Dungeon
  2448 | D:5      | Reached XP level 7. HP: 54/56 MP: 7/7
  2522 | D:5      | Found a glowing drain.
  2528 | D:5      | Found Ikhleticw's Antique Armour Emporium.
  2568 | Sewer    | Entered a sewer
  2854 | Sewer    | Reached skill level 6 in Fighting
  3624 | D:5      | Found a shadowy altar of Dithmenos.
  3987 | D:6      | Got a pair of bloodstained boots
  3992 | D:6      | Found a shadowy altar of Dithmenos.
  3992 | D:6      | Found a stormy altar of Qazlal.
  3992 | D:6      | Found an opulent altar of Gozag.
  3996 | D:6      | Found an iron altar of Okawaru.
  4173 | D:6      | Became a worshipper of Gozag Ym Sagoz the Greedy
  4411 | D:6      | Gained mutation: You have hoof-like feet. [demonic
                  | ancestry]
  4411 | D:6      | Reached XP level 8. HP: 53/65 MP: 8/8
  4519 | D:6      | Reached skill level 7 in Fighting
  5593 | D:7      | Reached skill level 8 in Fighting
  6065 | D:7      | Noticed Menkaure
  6071 | D:7      | Killed Menkaure
  6518 | D:7      | Found a runed translucent gate.
  6518 | D:7      | Found a runed translucent gate.
  6518 | D:7      | Found a runed translucent gate.
  6518 | D:7      | Noticed sanderoThegreat's ghost (novice MiFi)
  6568 | D:8      | Gained mutation: You have hooves in place of feet. [demonic
                  | ancestry]
  6568 | D:8      | Reached XP level 9. HP: 75/75 MP: 9/9
  6806 | D:8      | Reached skill level 9 in Fighting
  7245 | D:8      | Found a bloodstained altar of Trog.
  7245 | D:8      | Found a faded altar of an unknown god.
  7250 | D:8      | Found a snail-covered altar of Cheibriados.
  7252 | D:8      | Found an ancient bone altar of Kikubaaqudgha.
  7253 | D:8      | Found a faded altar of an unknown god.
  7349 | D:9      | Found a staircase to the Lair.
  7559 | D:9      | You fall into a shaft and drop 1 floor!
  7559 | D:10     | Entered Level 10 of the Dungeon
  7875 | D:10     | Reached skill level 10 in Fighting
  8359 | D:10     | Killed an unseen horror
  8359 | D:10     | Gained mutation: When seriously injured, your bleeding
                  | wounds create armour. (AC +6) [demonic ancestry]
  8359 | D:10     | Reached XP level 10. HP: 46/86 MP: 10/10
  8598 | D:10     | Reached skill level 10 in Dodging
  8936 | D:11     | Noticed a manticore
  8944 | D:11     | Killed a manticore
  9077 | D:11     | Noticed a cyclops
  9244 | D:11     | Killed a cyclops
  9244 | D:11     | Reached skill level 11 in Fighting
  9368 | D:11     | Noticed a six-headed hydra
  9702 | D:11     | Found a staircase to the Orcish Mines.
 10017 | D:12     | Noticed a deep elf mage
 10027 | D:12     | Killed a deep elf mage
 10028 | D:12     | Killed from afar by an orc priest

Illustrated notes

Levels and vault maps discovered:
D:1:      minmay_arrival_stair_chambers, layout_basic, minmay_strange_pillars
D:2:      layout_loops_ring, lemuel_doored_altar, grunt_temple_overflow_open,
          uniq_terence
D:3:      layout_loops_ring, grunt_temple_overflow_champion_of_chaos,
          trog_eyes_of_draining
D:4:      layout_loops_ring, lemuel_blue_sif_altar, minmay_temple_entry_mist,
          uniq_crazy_yiuf_cottage
D:5:      layout_loops_cross, serial_shops, shop, gup_sewer_entry_glass,
          hangedman_abyss_or_decor_stagger,
          nicolae_dithmenos_through_a_glass_darkly
D:6:      layout_loops_cross, minitemple, serial_glass, glass_columns_b,
          glass_columns_a, minmay_strange_pillars, due_unseen_surprise
D:7:      layout_rooms, ebering_ghost_rock_garden, uniq_menkaure
D:8:      layout_basic, chequers_temple_overflow_minitemple
D:9:      layout_layer_cave, david_lair_generic, kennysheep_nub
D:10:     layout_roguey
D:11:     layout_small_grid, orc_0_dummy
D:12:     layout_rooms
Temple:   dpeg_three_leaves_temple

Skill      XL: |  1  2  3  4  5  6  7  8  9 10 |
---------------+-------------------------------+-----
Dodging        | 3 4 5 6 8 9 10 | 10.8
Fighting       | 3 4 5 6 8 10 11 | 11.5
Staves         | |  2.6
Throwing       | |  1.7

Action                   |  1- 3 |  4- 6 |  7- 9 | 10-12 || total
-------------------------+-------+-------+-------+-------++-------
Melee: Quarterstaff      |    30 |       |       |       ||    30
       Kick              |    10 |    24 |    39 |    32 ||   105
       Dagger            |    18 |       |       |       ||    18
       Halberd           |     7 |    97 |   416 |       ||   520
       Battleaxe         |       |       |    15 |    76 ||    91
Throw: Throwing net      |     1 |       |     1 |       ||     2
Evoke: Wand              |       |       |     1 |     2 ||     3
  Use: Potion            |       |     2 |       |       ||     2
       Scroll            |       |       |    12 |     2 ||    14
 Stab: Sleeping          |     1 |     1 |     2 |       ||     4
       Held in net/web   |     1 |       |       |       ||     1
       Distracted        |       |       |     1 |       ||     1
Armor: Leather armour    |    12 |    14 |    76 |     9 ||   111
Dodge: Dodged            |    23 |    90 |   555 |   135 ||   803

Table legend: (Time is in decaauts)
 A = Elapsed time spent in this place.
 B = Non-inter-level travel time spent in this place.
 C = Inter-level travel time spent in this place.
 D = Time resting spent in this place.
 E = Time spent auto-exploring this place.
 F = Levels seen in this place.
 G = Mean time per level.
                   A        B        C        D        E       F      G
               +--------+--------+--------+--------+--------+-----+--------+
         Total |  10473 |  10042 |    431 |    460 |   7656 |  14 |  748.1 |
       Dungeon |   9380 |   8964 |    416 |    460 |   6769 |  12 |  781.7 |
        Temple |     83 |     68 |     15 |      0 |     67 |   1 |   83.0 |
         Sewer |   1009 |   1009 |      0 |      0 |    819 |   1 | 1009.0 |
               +--------+--------+--------+--------+--------+-----+--------+

Top non-repeatable levels by time:
     D:6: 1653 daAuts
    D:10: 1608 daAuts
     D:3: 1144 daAuts
     D:7: 1041 daAuts
   Sewer: 1009 daAuts
     D:4: 897 daAuts
     D:5: 867 daAuts
     D:8: 828 daAuts
    D:11: 800 daAuts
     D:9: 203 daAuts
    D:12: 145 daAuts
     D:2: 105 daAuts
     D:1: 85 daAuts
  Temple: 83 daAuts
